 Dungeon Crawl Stone Soup version 0.29.1-12-g30fa7ad0bf (webtiles) character file.

Game seed: 10147823865703278052

10333 raph the Geomancer (level 11, -1/60 HPs)
             Began as a Deep Elf Earth Elementalist on Dec 20, 2022.
             Was a Believer of Sif Muna.
             Slain by a death yak (21 damage)
             ... on level 2 of the Lair of Beasts.
             The game lasted 00:22:07 (14329 turns).

raph the Geomancer (Deep Elf Earth Elementalist)   Turns: 14329, Time: 00:22:07

Health: -1/60      AC: 10    Str:  5    XL:     11   Next: 34%
Magic:  6/26       EV: 13    Int: 25    God:    Sif Muna [**....]
Gold:   373        SH:  0    Dex: 15    Spells: 4/28 levels left

rFire   + . .      SeeInvis .   t - staff of earth
rCold   . . .      Faith    +   (no shield)
rNeg    . . .      Spirit   .   L - +0 troll leather armour
rPois   .          Reflect  .   N - +2 hat {Will+}
rElec   .          Harm     .   q - +0 cloak
rCorr   +          Rampage  .   O - +0 pair of gloves
Will    ++...                   f - +1 pair of boots
Stlth   ++........              G - amulet of faith
HPRegen 1.00/turn               D - ring of resist corrosion
MPRegen 0.20/turn               I - ring of protection from fire

@: very slightly contaminated
A: no striking features
a: Renounce Religion, Channel Magic


You were on level 2 of the Lair of Beasts.
You worshipped Sif Muna.
Sif Muna was pleased with you.
You visited 3 branches of the dungeon, and saw 13 of its levels.

You collected 765 gold pieces.
You spent 392 gold pieces at shops.

Inventory:

Hand Weapons
 d - a +0 dagger
 k - a +2 short sword of venom
 A - a +2 dagger of pain
Missiles
 e - 11 poisoned darts
 m - 4 javelins
 z - 2 curare-tipped darts
Armour
 f - a +1 pair of boots (worn)
 q - a +0 cloak (worn)
 L - a +0 troll leather armour (worn)
 N - a +2 hat of willpower (worn)
 O - a +0 pair of gloves (worn)
Magical Staves
 t - a staff of earth (weapon)
Jewellery
 l - a ring of ice
 w - an amulet of the acrobat
 D - a ring of resist corrosion (left hand)
 G - an amulet of faith (around neck)
 I - a ring of protection from fire (right hand)
Wands
 x - a wand of mindburst (25)
 y - a wand of flame (18)
 H - a wand of light (9)
Scrolls
 a - 2 scrolls of poison
 j - 2 scrolls of teleportation
 p - 2 scrolls of magic mapping
 E - a scroll of summoning
 F - a scroll of fear
 J - a scroll of identify
 K - 2 scrolls of fog
Potions
 b - a potion of magic
 c - 3 potions of attraction
 g - 5 potions of haste
 h - 2 potions of curing
 i - a potion of brilliance
 n - 5 potions of lignification
 o - a potion of invisibility
 r - 3 potions of heal wounds
 s - 2 potions of might
 u - 2 potions of berserk rage
 v - 4 potions of mutation
 B - 2 potions of flight
 C - a potion of cancellation


   Skills:
 + Level 3.3 Fighting
 + Level 2.3 Armour
 + Level 5.5 Dodging
 - Level 2.4 Stealth
 + Level 9.2 Spellcasting
 * Level 9.2 Conjurations
 * Level 4.7 Hexes
 - Level 4.4 Transmutations
 - Level 2.8 Fire Magic
 * Level 11.3 Earth Magic
 * Level 5.4 Invocations


You had 4 spell levels left.
You knew the following spells:

 Your Spells              Type           Power      Damage    Failure   Level
a - Sandblast             Erth           100%       2d20      1%          1
b - Passwall              Tmut/Erth      55%        N/A       1%          2
c - Stone Arrow           Conj/Erth      100%       3d13      1%          3
d - Petrify               Tmut/Erth      67%        N/A       3%          4
e - Inner Flame           Hex/Fire       30%        N/A       5%          3
f - Sticky Flame          Conj/Fire      41%        2d6       7%          4
g - Dazzling Flash        Conj/Hex       92%        N/A       1%          3
h - Iskenderun's Mystic   Conj/Tloc      34%        2d8       13%         4

Your spell library contained the following spells:

 Spells                   Type           Power      Damage    Failure   Level
 Static Discharge         Conj/Air       34%        3-8/arc   1%          2
 Cause Fear               Hex            17%        N/A       12%         4
 Dispel Undead            Necr           11%        3d9       65%         4
 Passage of Golubria      Tloc           11%        N/A       65%         4
 Silence                  Hex/Air        11%        N/A       67%         5
 Starburst                Conj/Fire      20%        6d7       73%         6
 Discord                  Hex            17%        N/A       100%        8
 Lehudib's Crystal Spear  Conj/Erth      38%        10d9      100%        8


Dungeon Overview and Level Annotations

Branches:
Dungeon (9/15)             Temple (1/1) D:6            Lair (3/5) D:9
  Snake (0/4) Lair:2          Orc (0/2) D:9
  Swamp: Lair:2-3    Shoals: Lair:2-3

Altars:
Ashenzari
Cheibriados
Dithmenos
Elyvilon
Fedhas
Gozag
Hepliaklqana
Kikubaaqudgha
Makhleb
Okawaru
Qazlal
Ru
Sif Muna
Trog
Uskayaw
Xom
Yredelemnul
Zin
The Shining One

Shops:
D:8 !   D:9 (

Annotations:
D:5 1 runed translucent door, TowerOfEmptiness's ghost, novice MiFi
Lair:1 3 runed translucent doors, TrebMcFLY's ghost, journeyman DECj


Message History

The death yak gores you. The death yak attacks as you move away!
The death yak gores you.
You feel less invigorated.
Casting: Petrify (dangerous; 3% risk of failure)
Confirm with . or Enter, or press ? or * to list all spells.
You erupt in a blast of force!
The mystic blast hits the death yak but does no damage.
The death yak is moderately wounded.
The death yak gores you!
Casting: Iskenderun's Mystic Blast (dangerous; 13% risk of failure)
Confirm with . or Enter, or press ? or * to list all spells.
You miscast Iskenderun's Mystic Blast.
You are very lightly contaminated with residual magic.
Nothing appears to happen.
The death yak completely misses you.
Casting: Iskenderun's Mystic Blast (dangerous; 13% risk of failure)
Confirm with . or Enter, or press ? or * to list all spells.
You erupt in a blast of force!
The mystic blast hits the death yak.
The death yak is moderately wounded.
The death yak barely misses you.
Casting: Iskenderun's Mystic Blast (dangerous; 13% risk of failure)
Confirm with . or Enter, or press ? or * to list all spells.
You erupt in a blast of force!
The mystic blast hits the death yak but does no damage.
The death yak is moderately wounded.
The death yak barely misses you.
Casting: Iskenderun's Mystic Blast (dangerous; 13% risk of failure)
Confirm with . or Enter, or press ? or * to list all spells.
Okay, then.
Casting: Iskenderun's Mystic Blast (dangerous; 13% risk of failure)
Confirm with . or Enter, or press ? or * to list all spells.
Aiming: Sticky Flame (dangerous; 7% risk of failure)
Press: ? - help, Shift-Dir - straight line, f/p - death yak
Aim: a death yak (moderately wounded, 100% to hit)
The sticky flame hits the death yak.
The death yak is moderately wounded.
The death yak is covered in liquid flames!
The death yak burns!
The death yak gores you!
The death yak burns!
The death yak attacks as you move away! The death yak gores you!!
You die...

......#~~##...P# #...## #.
....~~~~~~.#...## ##..## #P
..~~~~~~~~~[~...### #...# ##
...~~~..~~~~~...P.# ##..## #.
..~~~~~.~.~~~.....# #....# #.
..~~....~.~~~....######..## ##.
..~~~..>...~~....##.#.....# ##..
..~~.......~~.....##....<.####...
#P~~~...~P~~~..[@..........P##...
##.~~~..P~~~....Y............^...
##.~~~~~~~......................
##.~~~~~........[.<............
###...............?............
###.........................####.
.#....................#...#.## ##
.....P###.............######.# #
...#### ##..........P.# ###


You could see a death yak (burning).

Vanquished Creatures
  2 death yaks (Lair:3)
  5 cane toads
  2 rime drakes
  2 komodo dragons
  A troll (D:9)
  Grinder (D:5)
  7 yaks
  Grum (D:8)
  2 nagas (Lair:2)
  12 water moccasins
  2 orc warriors
  2 black bears (D:9)
  4 ogres
  2 wolves (D:8)
  2 centaurs (D:9)
  2 kobold brigands (D:8)
  3 necrophages
  7 scorpions
  8 bullfrogs
  5 wights (D:8)
  3 killer bees
  4 electric eels (D:6)
  3 howler monkeys (D:8)
  5 hounds
  3 jellies
  4 orc priests
  A gnoll bouda (D:7)
  3 iguanas
  3 orc wizards
  11 adders
  2 white imps
  2 ufetubi
  2 worms
  A dart slug (D:1)
  28 orcs
  9 ball pythons
  8 endoplasms
  3 giant cockroaches
  4 goblins
  8 hobgoblins
  8 jackals
  16 kobolds
  A quokka (D:1)
  2 bats
  4 frilled lizards
  8 rats
218 creatures vanquished.

Vanquished Creatures (others)
  15 fungi
  30 plants
  2 withered plants (D:5)
47 creatures vanquished.

Grand Total: 265 creatures vanquished

Notes
Turn   | Place    | Note
-------+----------+-------------------------------------------
     0 | D:1      | raph the Deep Elf Earth Elementalist began the quest for
                  | the Orb.
     0 | D:1      | Reached XP level 1. HP: 10/10 MP: 6/6
   141 | D:1      | Reached XP level 2. HP: 15/15 MP: 4/8
   147 | D:1      | Reached skill level 4 in Earth Magic
   192 | D:1      | Learned a level 2 spell: Passwall
   427 | D:1      | Found a faded altar of an unknown god.
   495 | D:1      | Reached XP level 3. HP: 19/19 MP: 7/9
   501 | D:1      | Learned a level 3 spell: Stone Arrow
  1147 | D:2      | Reached skill level 5 in Earth Magic
  1818 | D:2      | Reached XP level 4. HP: 24/24 MP: 4/10
  2392 | D:3      | Reached skill level 6 in Earth Magic
  2647 | D:4      | Noticed an ogre
  2964 | D:4      | Noticed a scorpion
  2971 | D:4      | Killed a scorpion
  2972 | D:4      | Reached skill level 1 in Conjurations
  2972 | D:4      | Reached XP level 5. HP: 28/28 MP: 5/11
  3129 | D:3      | Learned a level 4 spell: Petrify
  3313 | D:4      | Noticed an ogre
  3402 | D:4      | Killed an ogre
  3403 | D:4      | Reached XP level 6. HP: 32/32 MP: 7/13
  4087 | D:5      | Entered Level 5 of the Dungeon
  4264 | D:5      | Reached skill level 7 in Earth Magic
  4264 | D:5      | Reached XP level 7. HP: 33/36 MP: 11/15
  4321 | D:5      | Identified a scroll of acquirement
  4321 | D:5      | Acquired a staff of earth
  4349 | D:5      | Found a runed translucent door.
  4349 | D:5      | Noticed TowerOfEmptiness's ghost (novice MiFi)
  4759 | D:5      | Found a stormy altar of Qazlal.
  4810 | D:5      | Noticed Grinder
  4816 | D:5      | Killed Grinder
  4817 | D:5      | Reached skill level 5 in Spellcasting
  5041 | D:5      | Found an iron altar of Okawaru.
  5042 | D:5      | Found a bloodstained altar of Trog.
  5273 | D:6      | Reached XP level 8. HP: 41/41 MP: 14/18
  5339 | D:6      | Reached skill level 8 in Earth Magic
  5844 | D:6      | Learned a level 3 spell: Inner Flame
  5849 | D:6      | Learned a level 4 spell: Sticky Flame
  5928 | D:6      | Found a staircase to the Ecumenical Temple.
  6005 | Temple   | Entered the Ecumenical Temple
  6136 | Temple   | Became a worshipper of Sif Muna the Loreminder
  6216 | D:6      | Reached skill level 5 in Conjurations
  7264 | D:6      | Found a sacrificial altar of Ru.
  7270 | D:6      | Reached skill level 9 in Earth Magic
  8303 | D:7      | Reached XP level 9. HP: 45/45 MP: 15/21
  8810 | D:7      | Reached skill level 1 in Fighting
  8810 | D:7      | Reached skill level 1 in Invocations
  8814 | D:7      | Reached * piety under Sif Muna
  9421 | D:8      | Noticed Grum
  9652 | D:8      | Found Rucw's Distillery.
  9657 | D:8      | Reached skill level 1 in Fire Magic
  9657 | D:8      | Reached skill level 10 in Earth Magic
  9682 | D:8      | Killed Grum
  9843 | D:8      | Reached ** piety under Sif Muna
 10119 | D:8      | Bought a potion of brilliance for 56 gold pieces
 10119 | D:8      | Bought a potion of haste for 140 gold pieces
 10119 | D:8      | Bought a potion of flight for 42 gold pieces
 10119 | D:8      | Bought a potion of curing for 42 gold pieces
 10119 | D:8      | Bought a potion of cancellation for 112 gold pieces
 10503 | D:8      | Found a hide-covered altar of Uskayaw.
 10552 | D:8      | Reached XP level 10. HP: 53/53 MP: 16/24
 10740 | D:9      | Found Deulehol's Weapon Shoppe.
 10741 | D:9      | Found a staircase to the Orcish Mines.
 10859 | D:9      | Noticed a cyan ugly thing
 11324 | D:9      | Found a staircase to the Lair.
 11824 | Lair:1   | Entered Level 1 of the Lair of Beasts
 12179 | Lair:1   | Noticed a cane toad
 12183 | Lair:1   | Killed a cane toad
 12184 | Lair:1   | Reached skill level 1 in Hexes
 12214 | Lair:1   | Found a dark tunnel.
 12221 | Lair:1   | Reached skill level 1 in Armour
 12310 | Lair:1   | Noticed TrebMcFLY's ghost (journeyman DECj)
 12310 | Lair:1   | Noticed an 11-headed hydra
 12311 | Lair:1   | Found a runed translucent gate.
 12311 | Lair:1   | Found a runed translucent gate.
 12312 | Lair:1   | Found a runed translucent gate.
 12361 | Lair:1   | Found a glowing silver altar of Zin.
 12877 | Lair:2   | Reached skill level 5 in Dodging
 13088 | Lair:2   | Noticed a cane toad
 13094 | Lair:2   | Killed a cane toad
 13095 | Lair:2   | Reached skill level 11 in Earth Magic
 13403 | Lair:2   | Found a staircase to the Snake Pit.
 13431 | Lair:2   | Noticed a cane toad
 13437 | Lair:2   | Killed a cane toad
 13438 | Lair:2   | Reached XP level 11. HP: 51/60 MP: 12/25
 13503 | Lair:2   | Acquired a book of Spectacle
 13509 | Lair:2   | Learned a level 3 spell: Dazzling Flash
 13514 | Lair:2   | Learned a level 4 spell: Iskenderun's Mystic Blast
 13732 | Lair:2   | Reached skill level 5 in Invocations
 14108 | Lair:3   | Found a hide-covered altar of Uskayaw.
 14236 | Lair:3   | Noticed a death yak
 14236 | Lair:3   | Noticed a death yak
 14237 | Lair:3   | Noticed a death yak
 14237 | Lair:3   | Noticed a death yak
 14255 | Lair:3   | Killed a death yak
 14278 | Lair:3   | Killed a death yak
 14329 | Lair:2   | Slain by a death yak

Illustrated notes

Levels and vault maps discovered:
D:1:      minmay_arrival_wavy_path, layout_basic, ebering_ecumenical_altar_webs
D:2:      layout_rooms, wander_ebering_terrifying_dragon_lair
D:3:      layout_loops_ring, feat_on_display
D:4:      layout_rooms
D:5:      layout_gridville, grunt_temple_overflow_bloody_war,
          mainiacjoe_overflow_brackets, gammafunk_ghost_grave, hex_tiny,
          chequers_jeans, uniq_grinder
D:6:      minmay_bubble_buster, layout_rooms, nicolae_overflow_crystal_walls,
          minmay_temple_entry_hall, chequers_big_river, grunt_decor_cap
D:7:      layout_basic, dreamdust_gnoll_shepherd
D:8:      layout_basic, marbit_many_paths, serial_shops, nicolae_shop_trees,
          hangedman_abyss_or_decor_lesser_grid, uniq_grum
D:9:      layout_small_grid, grunt_lair_entry_orc_guard_hut, orc_david_3,
          onia_ninara_dug_in_and_dangerous
Temple:   nicolae_temple_superstar
Lair:1:   layout_chaotic_city, nicolae_volcano_entry_lava_flow, basic_altar,
          gammafunk_ghost_hydra_chop, lemuel_fruit_tree
Lair:2:   layout_layer_cave, guppyfry_snake_entry_island
Lair:3:   layout_roguey [special_room_bee], swamp_mist_pool, basic_altar,
          special_room [special_room_mythical_zoo], minmay_stone_trees_large,
          hangedman_lair_unloving_vines, lemuel_fruit_fields, uniq_nessos

Skill      XL: |  1  2  3  4  5  6  7  8  9 10 11 |
---------------+----------------------------------+-----
Earth Magic    | 4 5 6 7 9 10 11 | 11.3
Conjurations   | 1 2 3 4 6 7 8 9 |  9.2
Transmutations | 2 4 |  4.4
Spellcasting   | 4 5 7 8 9 |  9.2
Fighting       | 2 3 |  3.3
Dodging        | 4 5 |  5.5
Invocations    | 2 4 5 |  5.4
Fire Magic     | 1 2 |  2.8
Hexes          | 3 4 |  4.7
Armour         | 1 2 |  2.3
Stealth        | |  2.4

Action                   |  1- 3 |  4- 6 |  7- 9 | 10-12 || total
-------------------------+-------+-------+-------+-------++-------
Melee: Staff             |       |       |     1 |     2 ||     3
       Punch             |       |       |       |     1 ||     1
Throw: Dart              |       |     5 |       |       ||     5
 Cast: Sandblast         |    49 |    48 |    59 |    16 ||   172
       Stone Arrow       |     8 |    12 |    75 |    91 ||   186
       Inner Flame       |       |       |    18 |     7 ||    25
       Petrify           |       |       |    13 |    21 ||    34
       Iskenderun's Myst |       |       |       |     4 ||     4
       Sticky Flame      |       |       |       |     2 ||     2
Invok: Channel Magic     |       |       |       |     4 ||     4
Evoke: Wand              |       |       |     6 |     2 ||     8
  Use: Scroll            |     5 |     7 |    11 |     3 ||    26
       Potion            |       |       |     1 |     1 ||     2
 Stab: Petrifying        |       |       |       |     1 ||     1
Armor: Robe              |     3 |     4 |    12 |       ||    19
       Troll leather arm |       |       |       |    11 ||    11
Dodge: Dodged            |     7 |    17 |    80 |    31 ||   135
